 Dungeon Crawl Stone Soup version 0.30.0-5-g1a98f26d00 (webtiles) character file.

Game seed: 9087418426588112876

137 MacCMillion the Digger (level 5, -3/28 HPs)
             Began as a Gargoyle Earth Elementalist on May 12, 2023.
             Killed by nerve-wracking pain
             ... invoked by an orc priest
              (4 damage)
             ... on level 2 of the Dungeon.
             The game lasted 00:02:54 (2491 turns).

MacCMillion the Digger (GrEE)                       Turns: 2491, Time: 00:02:54

Health: -3/28      AC:  7    Str: 12    XL:     5   Next: 20%
Magic:  1/8        EV: 11    Int: 17    God:
Gold:   125        SH:  0    Dex: 10    Spells: 4/8 levels left

rFire   . . .        c - +0 dagger
rCold   . . .        (no shield)
rNeg    + . .        a - +0 robe
rPois   ∞            (no helmet)
rElec   +            l - scarf {repulsion}
rCorr   .            (no gloves)
SInv    .            o - +0 pair of boots
Will    .....        (no amulet)
Stlth   ++           (no ring)
HPRegen 0.24/turn    (no ring)
MPRegen 0.11/turn

%: repel missiles
@: no status effects
A: sickness immunity, AC +4, negative energy resistance 1, electricity
resistance, torment resistance 1, petrification resistance
a: no special abilities


You were on level 2 of the Dungeon.
You visited 1 branch of the dungeon, and saw 3 of its levels.

You collected 125 gold pieces.

Inventory:

Hand Weapons
 c - a +0 dagger (weapon)
Armour
 a - a +0 robe (worn)
 l - a scarf of repulsion (worn)
 o - a +0 pair of boots (worn)
 p - a scarf of resistance
Jewellery
 f - a +6 ring of dexterity
 g - a ring of positive energy
 q - an amulet of magic regeneration
Wands
 m - a wand of iceblast (13)
 n - a wand of mindburst (5)
Scrolls
 d - 2 scrolls of teleportation {unknown}
 e - a scroll of poison {unknown}
 h - 2 scrolls of identify {unknown}
 k - a scroll of fear {unknown}
Potions
 b - a potion of magic
 i - a potion of heal wounds {unknown}
 j - a potion of degeneration {unknown}
 r - 3 potions of curing {unknown}
 s - 2 potions of flight {unknown}
 t - a potion of haste {unknown}


   Skills:
 - Level 1.5 Dodging
 - Level 2.1 Stealth
 + Level 2.4 Spellcasting
 + Level 1.5 Conjurations
 - Level 0.7 Transmutations
 + Level 6.3 Earth Magic


You had 4 spell levels left.
You knew the following spells:

 Your Spells              Type           Power      Damage    Failure   Level
a - Sandblast             Erth           46%        2d11      1%          1
b - Stone Arrow           Conj/Erth      30%        3d8       11%         3

Your spell library contained the following spells:

 Spells                   Type           Power      Damage    Failure   Level
 Passwall                 Tmut/Erth      10%        N/A       7%          2
 Petrify                  Tmut/Erth      13%        N/A       41%         4
 Vhi's Electric Charge    Tloc/Air       4%         N/A       50%         3
 Arcjolt                  Conj/Air       2%         1d12      98%         5
 Plasma Beam              Fire/Air       1%         2x1d12    100%        6


Dungeon Overview and Level Annotations

Branches:
Dungeon (3/15)

Altars:
Xom

Annotations:
D:2 exclusion: ogre


Innate Abilities, Weirdness & Mutations

You are immune to sickness and miasma.
Your stone body is resilient. (AC +4)
You are immune to poison.
You resist negative energy. (rN+)
You are resistant to electric shocks. (rElec)
You are resistant to unholy torment.
You are immune to petrification.


Message History

The orc hits you but does no damage. The orc hits you but does no damage.
The orc priest hits you with a +0 club. The orc priest barely misses you.
You climb upwards.
Level annotation: exclusion: ogre
There is a stone staircase leading down here.
You don't have enough magic to cast this spell.
You closely miss the orc priest.
The orc priest is almost dead.
The orc priest hits you with a +0 dagger.
The orc priest misses you. The orc hits you with a +0 club.
You barely miss the orc priest.
The orc priest is almost dead.
The orc priest looks braver for a moment.
The orc priest closely misses you. The orc misses you.
You hit the orc priest but do no damage.
The orc priest is almost dead.
The orc priest hits you with a +0 dagger.
* * * LOW HITPOINT WARNING * * *
The orc priest barely misses you. The orc hits you with a +0 club.
* * * LOW HITPOINT WARNING * * *
You barely miss the orc priest.
The orc priest is almost dead.
The orc priest barely misses you.
The orc priest mumbles some strange prayers to Beogh against you.
Pain shoots through your body!
* * * LOW HITPOINT WARNING * * *
The orc hits you but does no damage.
You hit the orc priest but do no damage.
The orc priest is almost dead.
The orc priest hits you with a +0 dagger.
* * * LOW HITPOINT WARNING * * *
The orc priest hits you but does no damage.
The orc closely misses you.
You hit the orc priest but do no damage.
The orc priest is almost dead.
The orc priest hits you but does no damage.
The orc priest invokes the aid of Beogh against you.
Pain shoots through your body!
You die...

########### #..# #.# #.#
#..# #.# #.# #..# #.#
#.# #..# #.# #.#
#######..# #.# #..
#........###.# ###
#.#####...##.## #
#.##...oo.#...##########
#.##.##@o..#.#)##.......
#.##.####.##.##.#.######
#.##.# ##.#.#.##.#
#.##.# ##...###.# #.##.#
##.## #.# ########..#.#
#.####.# #...........#
#......# #.#######.###
#####..# ###.#### #.#
#..######


You could see 2 orc priests and an orc.

Vanquished Creatures
  8 adders
  2 worms (D:2)
  2 dart slugs (D:1)
  An orc (D:3)
  2 ball pythons (D:1)
  5 bats
  2 endoplasms
  A giant cockroach (D:2)
  3 goblins
  9 hobgoblins
  4 jackals (D:3)
  2 quokkas
  2 frilled lizards
  6 kobolds
  3 rats
52 creatures vanquished.

Notes
Turn   | Place    | Note
-------+----------+-------------------------------------------
     0 | D:1      | MacCMillion the Gargoyle Earth Elementalist began the quest
                  | for the Orb.
     0 | D:1      | Reached XP level 1. HP: 10/10 MP: 3/3
    77 | D:1      | Reached skill level 4 in Earth Magic
   264 | D:1      | Reached XP level 2. HP: 15/15 MP: 3/5
  1235 | D:2      | Reached XP level 3. HP: 19/19 MP: 4/6
  1266 | D:2      | Reached skill level 5 in Earth Magic
  1519 | D:2      | Found a shimmering altar of Xom.
  1548 | D:2      | Reached XP level 4. HP: 24/24 MP: 5/7
  1609 | D:2      | Reached skill level 6 in Earth Magic
  1613 | D:2      | Learned a level 3 spell: Stone Arrow
  1734 | D:2      | Noticed an ogre
  1757 | D:2      | Reached skill level 1 in Conjurations
  2040 | D:3      | Reached XP level 5. HP: 28/28 MP: 5/8
  2489 | D:2      | HP: 1/28 [orc priest/nerve-wracking pain (3)]
  2491 | D:2      | Killed from afar by an orc priest

Illustrated notes

Levels and vault maps discovered:
D:1:      dpeg_arrival_boxorama, layout_basic, minivault_23, minivault_23,
          hangedman_decor_points
D:2:      layout_loops_ring, basic_altar
D:3:      layout_rooms, uniq_crazy_yiuf_cottage

Skill      XL: |  1  2  3  4 |
---------------+-------------+-----
Earth Magic    | 4 5 6 |  6.3
Conjurations   | 1 |  1.5
Dodging        | |  1.5
Stealth        | |  2.1
Spellcasting   | |  2.4
Transmutations | |  0.7

Action                     |  1- 3 |  4- 6 || total
---------------------------+-------+-------++-------
  Melee: Dagger            |       |     6 ||     6
   Cast: Sandblast         |    38 |    50 ||    88
 Armour: Robe              |     2 |    17 ||    19
  Dodge: Dodged            |     6 |    23 ||    29
